 Dungeon Crawl Stone Soup version 0.31-a0-232-gb1c03b2570 (webtiles) character file.

Game seed: 2102045852373780747

55 qw the Shooter (level 3, 0/29 HPs)
             Began as a Minotaur Hexslinger on July 7, 2023.
             Constricted to death by Ijyb (3 damage)
             ... on level 2 of the Dungeon.
             The game lasted 00:00:23 (961 turns).

qw the Shooter (Minotaur Hexslinger)                 Turns: 961, Time: 00:00:24

Health: 0/29       AC:  5    Str: 12    XL:     3   Next: 67%
Magic:  3/3        EV:  8    Int: 10    God:
Gold:   53         SH:  0    Dex: 14    Spells: 3/4 levels left

rFire   . . .        Y - +1 sling
rCold   . . .        (no shield)
rNeg    . . .        e - +0 ring mail
rPois   .            (helmet restricted)
rElec   .            (no cloak)
rCorr   .            (no gloves)
SInv    .            (no boots)
Will    .....        (no amulet)
Stlth   +            (no ring)
HPRegen 0.24/turn    (no ring)
MPRegen 0.08/turn

%: no passive effects
@: grasped by roots, constricted
A: horns 2, retaliatory headbutt
a: no special abilities


You were on level 2 of the Dungeon.
You visited 1 branch of the dungeon, and saw 2 of its levels.

You collected 53 gold pieces.


Innate Abilities, Weirdness & Mutations

You have a pair of horns on your head.
You reflexively headbutt those who attack you in melee.


   Skills:
 - Level 2.0 Fighting
 + Level 4.0 Ranged Weapons
 - Level 1.0 Armour
 - Level 2.1 Dodging
 - Level 1.0 Spellcasting
 - Level 2.0 Hexes


You had 3 spell levels left.
You knew the following spells:

 Your Spells              Type           Power      Damage    Failure   Level
a - Slow                  Hex            16%        N/A       34%         1

Your spell library contained the following spells:

 Spells                   Type           Power      Damage    Failure   Level
 Inner Flame              Hex/Fire       2%         N/A       83%         3
 Portal Projectile        Hex/Tloc       4%         N/A       83%         3
 Cause Fear               Hex            2%         N/A       98%         4

Inventory:

Hand Weapons
 Y - a +1 sling (weapon)
Armour
 a - the +0 robe "Duibemea" {Will+ Str+2 Int+9 Slay-6}
   (You found it on level 2 of the Dungeon)

   Str:       It affects your strength (+2).
   Int:       It affects your intelligence (+9).
   Slay:      It affects your accuracy & damage with ranged weapons and melee
   (-6).
   Will:      It increases your willpower.
 e - a +0 ring mail (worn)
Jewellery
 c - an amulet of guardian spirit
Scrolls
 g - a scroll of teleportation {unknown}
Potions
 b - a potion of experience {unknown}
 d - a potion of magic {unknown}
 f - 3 potions of brilliance {unknown}

Dungeon Overview and Level Annotations

Branches:
Dungeon (2/15)

Altars:
Nemelex Xobeh

Annotations:
D:2 Ijyb


Message History

The goblin is unaffected.
Ijyb is unaffected.
The goblin is unaffected.
The grasping roots constrict you.
You shoot a sling bullet. The sling bullet hits Ijyb.
Ijyb is moderately wounded.
The goblin closely misses you. Ijyb hits you but does no damage.
The grasping roots constrict you.
The goblin hits you with a +0 dagger. x2
The goblin hits you but does no damage. Ijyb hits you but does no damage.
The grasping roots constrict you.
You shoot a sling bullet.
The sling bullet hits Ijyb but does no damage.
Ijyb is moderately wounded.
The goblin hits you with a +0 dagger. The goblin closely misses you.
Ijyb completely misses you. The grasping roots constrict you.
The grasping roots release their grip on you.
You shoot a sling bullet. The sling bullet hits Ijyb.
Ijyb is heavily wounded.
The goblin barely misses you. You furiously retaliate!
You headbutt the goblin!
You kill the goblin!
The goblin hits you but does no damage. Ijyb barely misses you.
Your Armour skill increases to level 1!
You shoot a sling bullet. The sling bullet barely misses Ijyb.
Ijyb hits you but does no damage.
The goblin hits you but does no damage. x2
Ijyb barely misses you.
You shoot a sling bullet.
The sling bullet hits Ijyb but does no damage.
Ijyb is heavily wounded.
The goblin hits you but does no damage. Ijyb barely misses you.
You shoot a sling bullet.
The sling bullet hits Ijyb but does no damage.
Ijyb is heavily wounded.
Ijyb misses you. The goblin hits you but does no damage.
You shoot a sling bullet. The sling bullet barely misses Ijyb.
Ijyb zaps a wand.
The roots erupt in riotous growth!
The grasping roots grab you!
The goblin is unaffected.
Ijyb is unaffected.
The grasping roots constrict you. The goblin hits you but does no damage.
The goblin barely misses you. You furiously retaliate!
You headbutt the goblin!
You kill the goblin!
Ijyb hits you with a +0 dagger. The grasping roots constrict you.
You die...

# #. #8.....8# #.##.###
#.).....# #.#.......
#8.....8# #......###
#.......# #.[...
#8.....8# #.####
#.......# #.# #...)g).#
#.# #....@# #.# #####.#
#.# #######.# #.#
........###########.####
#######>................
#############.####
#..... ######


You could see Ijyb.

Vanquished Creatures
  2 adders (D:2)
  4 ball pythons
  3 endoplasms
  3 giant cockroaches (D:1)
  7 goblins
  7 hobgoblins
  2 jackals (D:1)
  2 frilled lizards (D:2)
  A kobold (D:1)
  3 rats
34 creatures vanquished.

Notes
Turn   | Place    | Note
-------+----------+-------------------------------------------
     0 | D:1      | qw the Minotaur Hexslinger began the quest for the Orb.
     0 | D:1      | Reached XP level 1. HP: 16/16 MP: 1/1
     0 | D:1      | 0 ||| qw: Version: 0.3-a-46-gb1f654a
     0 | D:1      | 0 ||| qw: Game counter: 2543
     0 | D:1      | 0 ||| qw: Melee chars always use a shield: true
     0 | D:1      | 0 ||| qw: God list: Okawaru
     0 | D:1      | 0 ||| qw: Allow faded altars: false
     0 | D:1      | 0 ||| qw: Do Orc after clearing Dungeon:15 true
     0 | D:1      | 0 ||| qw: Do second Lair branch before Depths: true
     0 | D:1      | 0 ||| qw: Lair rune preference: random
     0 | D:1      | 0 ||| qw: Goals: Normal
     0 | D:1      | 0 ||| PLANNING D:1-11
   100 | D:1      | Found a faded altar of an unknown god.
   107 | D:1      | Reached skill level 3 in Ranged Weapons
   107 | D:1      | Reached XP level 2. HP: 23/23 MP: 2/2
   689 | D:1      | 689 ||| UPGRADING to +0 ring mail.
   699 | D:1      | 699 ||| DROPPING +0 robe.
   700 | D:1      | 700 ||| READING scroll labelled BONTI JUAFOPEH.
   701 | D:1      | 701 ||| READING scroll labelled WUSINU XODA.
   702 | D:1      | 702 ||| DROPPING scroll of poison.
   749 | D:2      | Reached XP level 3. HP: 29/29 MP: 3/3
   789 | D:2      | Identified the +0 robe "Duibemea" {Will+ Str+2 Int+9
                  | Slay-6}
   850 | D:2      | Reached skill level 4 in Ranged Weapons
   901 | D:2      | Found a sparkling altar of Nemelex Xobeh.
   947 | D:2      | Noticed Ijyb
   958 | D:2      | Reached skill level 1 in Armour
   961 | D:2      | HP: 4/29 [constriction (6)]
   961 | D:2      | Constricted to death by Ijyb

Levels and vault maps discovered:
D:1:      ncdulo_smallfort, layout_loops_cross, dreamdust_ecumenical_altar_grove
D:2:      kennysheep_the_goblin_king, layout_loops_ring, basic_altar,
          minmay_small_reverse_x

Skill      XL: |  1  2  3 |
---------------+----------+-----
Ranged Weapons | 3 4 |  4.0
Fighting       | 2 |  2.0
Armour         | 1 |  1.0
Dodging        | |  2.1
Spellcasting   | |  1.0
Hexes          | |  2.0

Action                     || total
---------------------------++-------
   Fire: Sling             ||    93
    Use: Scroll            ||     2
 Armour: Robe              ||     4
         Ring mail         ||    20
  Dodge: Dodged            ||    42

Table legend:
 A = Non-vault XP
 B = Vault XP
 C = Vault XP percentage of total XP
 D = Non-vault monster count
 E = Vault monster count
 F = Vault count percentage of total count
                 A         B        C        D         E       F
            +---------+---------+-------+---------+---------+-------
      Total |      53 |      28 |  34.6 |      24 |      10 |  29.4
            +---------+---------+-------+---------+---------+-------
        D:1 |      33 |       0 |   0.0 |      18 |       0 |   0.0
        D:2 |      20 |      28 |  58.3 |       6 |      10 |  62.5
            +---------+---------+-------+---------+---------+-------
